 Dungeon Crawl Stone Soup version 0.31-a0-198-g2ad674f65e (webtiles) character file.

Game seed: 5145026067273273204

212 Essalna the Firebug (level 5, 0/32 HPs)
             Began as a Tengu Fire Elementalist on June 25, 2023.
             Killed from afar by an orc wizard (10 damage)
             ... with a magic dart
             ... on level 4 of the Dungeon.
             The game lasted 00:05:57 (3812 turns).

Essalna the Firebug (Tengu Fire Elementalist)       Turns: 3812, Time: 00:05:58

Health: 0/32       AC:  2    Str:  8    XL:     5   Next: 90%
Magic:  0/9        EV: 14    Int: 18    God:
Gold:   238        SH:  0    Dex: 14    Spells: 5/8 levels left

rFire   . . .        m - +1 whip (freeze)
rCold   . . .        (no shield)
rNeg    . . .        a - +0 robe
rPois   .            (helmet restricted)
rElec   .            (no cloak)
rCorr   .            (no gloves)
SInv    +            (boots unavailable)
Will    .....        (no amulet)
Stlth   +            n - ring of see invisible
HPRegen 0.25/turn    (no ring)
MPRegen 0.11/turn

%: no passive effects
@: confused, flying quickly and evasively, quick
A: beak, talons 3, nimble flight
a: no special abilities


You were on level 4 of the Dungeon.
You visited 1 branch of the dungeon, and saw 4 of its levels.

You collected 238 gold pieces.

Inventory:

Hand Weapons
 d - a +0 short sword of holy wrath
 m - a +1 whip of freezing (weapon)
Armour
 a - a +0 robe (worn)
 j - the +6 scale mail of Going Fast {-Tele rElec rC+}
   (You found it on level 2 of the Dungeon)

   rC:        It protects you from cold.
   rElec:     It insulates you from electricity.
   -Tele:     It prevents most forms of teleportation.
Jewellery
 n - a ring of see invisible (left hand)
Scrolls
 c - 2 scrolls of identify
 g - 2 scrolls of teleportation
 i - 2 scrolls of immolation {unknown}
 k - a scroll of noise {unknown}
Potions
 b - 2 potions of magic
 e - a potion of brilliance
 f - a potion of haste {unknown}
 h - 2 potions of curing {unknown}
 l - a potion of invisibility {unknown}


   Skills:
 + Level 3.0 Fighting
 - Level 2.1 Dodging
 - Level 2.0 Stealth
 - Level 2.0 Spellcasting
 + Level 4.2 Conjurations
 + Level 4.8 Fire Magic


You had 5 spell levels left.
You knew the following spells:

 Your Spells              Type           Power      Damage    Failure   Level
a - Foxfire               Conj/Fire      72%        2x1d7     2%          1
b - Scorch                Fire           38%        2d7       3%          2

Your spell library contained the following spells:

 Spells                   Type           Power      Damage    Failure   Level
 Inner Flame              Hex/Fire       10%        N/A       21%         3
 Volatile Blastmotes      Fire/Tloc      20%        2d11      21%         3
 Flame Wave               Conj/Fire      18%        2d7       28%         4


Dungeon Overview and Level Annotations

Branches:
Dungeon (4/15)
 Temple: D:4-7

Altars:
Xom


Innate Abilities, Weirdness & Mutations

You have a beak for a mouth.
You have claws for feet.
Your magical nature lets you fly swiftly and evasively.


Message History

Casting: Foxfire (safe; 2% risk of failure)
Confirm with . or Enter, or press ? or * to list all spells.
You conjure some foxfire!
The foxfire hits the orc wizard.
The orc wizard is lightly wounded.
You completely miss the orc wizard.
You claw the orc wizard, but do no damage.
Your peck misses the orc wizard.
The orc wizard is lightly wounded.
The foxfire hits the orc wizard.
The orc wizard is moderately wounded.
The foxfire hits the orc wizard.
The orc wizard is severely wounded.
The orc wizard hits you with a +0 dagger.
Casting: Foxfire (safe; 2% risk of failure)
Confirm with . or Enter, or press ? or * to list all spells.
You don't have enough magic to cast this spell.
You hit the orc wizard. You freeze the orc wizard.
Your punch misses the orc wizard.
The orc wizard is almost dead.
The orc wizard casts a spell at you. You resist with some effort.
The orc hits you with a +0 hand axe.
* * * LOW HITPOINT WARNING * * *
You hit the orc wizard but do no damage.
Your kick misses the orc wizard.
The orc wizard is almost dead.
The orc wizard mumbles some strange words.
The orc wizard flickers and vanishes for a moment.
The orc barely misses you.
You hit the orc wizard but do no damage.
Your kick misses the orc wizard.
The orc wizard is almost dead.
The orc wizard gestures at you while chanting.
You are confused.
The orc closely misses you.
You miss the orc wizard. Your kick misses the orc wizard.
You peck the orc wizard.
The orc wizard is almost dead.
The orc wizard casts a spell at you. The magic dart hits you!
You die...

#.......#.~#..#....[..'...'
####.##<#≈≈#..#..†....#...#
#.........≈≈..##.....##...#
#..........~..###...###...#
#..........~..# ##### #...#
#.>...........###...###...#
###...........##.....##...#
####........#..)....#...#
#....@)..#.....†.†...'
##.##oo#.#.......#...#
#.##.##.##.....##...#
..##.##..##...##.....
~#..#.##...#####...[..
~..#.#.###............. ≈~
.#.#.....>######...). .~≈
~#....##### #.....
~≈~....)## #####.


You could see an orc wizard (invisible) and an orc.

Vanquished Creatures
  A scorpion (D:4)
  A hound (D:4)
  5 adders
  An ufetubus (D:4)
  A worm (D:3)
  A dart slug (D:4)
  6 orcs
  6 ball pythons
  5 bats
  5 endoplasms
  2 giant cockroaches (D:4)
  8 goblins
  6 hobgoblins
  4 jackals (D:3)
  A quokka (D:4)
  4 frilled lizards
  4 kobolds
  A rat (D:2)
62 creatures vanquished.

Vanquished Creatures (others)
  270 foxfires
270 creatures vanquished.

Grand Total: 332 creatures vanquished

Notes
Turn   | Place    | Note
-------+----------+-------------------------------------------
     0 | D:1      | Essalna the Tengu Fire Elementalist began the quest for the
                  | Orb.
     0 | D:1      | Reached XP level 1. HP: 10/10 MP: 4/4
   268 | D:1      | Reached XP level 2. HP: 16/16 MP: 1/6
   922 | D:2      | Reached skill level 1 in Fighting
   980 | D:2      | Learned a level 2 spell: Scorch
  1156 | D:2      | Found a shimmering altar of Xom.
  1190 | D:2      | Identified the +6 scale mail of Going Fast {-Tele rElec
                  | rC+}
  1203 | D:2      | Reached XP level 3. HP: 20/20 MP: 2/7
  2004 | D:3      | Reached XP level 4. HP: 26/26 MP: 4/8
  3069 | D:4      | Gained mutation: Your magical nature lets you fly swiftly
                  | and evasively. [Tengu growth]
  3069 | D:4      | Reached XP level 5. HP: 31/31 MP: 3/9
  3812 | D:4      | Killed from afar by an orc wizard

Illustrated notes

Levels and vault maps discovered:
D:1:      sevenhm_arrival_forest_fort_large_4, layout_rooms, minmay_tetromino_l2
D:2:      layout_loops_ring, basic_altar, kennysheep_generic_room_15
D:3:      layout_loops_ring, chequers_serial_rivers_large_a, minmay_bisected
D:4:      kennysheep_six_static_rooms, layout_rooms, minitemple, serial_rivers,
          chequers_serial_rivers_small_b, chequers_serial_rivers_micro_e,
          chequers_serial_rivers_small_3, chequers_serial_rivers_small_a,
          chequers_serial_rivers_micro_a, hangedman_glass_teeth,
          amcnicky_mini_rare_corridor_liquid

Skill      XL: |  1  2  3  4  5 |
---------------+----------------+-----
Conjurations   | 2 3 4 |  4.2
Fighting       | 1 2 3 |  3.0
Fire Magic     | 4 |  4.8
Dodging        | |  2.1
Stealth        | |  2.0
Spellcasting   | |  2.0

Action                     |  1- 3 |  4- 6 || total
---------------------------+-------+-------++-------
  Melee: Unarmed           |    12 |       ||    12
         Kick              |     7 |     2 ||     9
         Peck              |     5 |     4 ||     9
         Short sword       |    17 |    13 ||    30
         Whip              |       |    10 ||    10
   Cast: Foxfire           |    64 |    93 ||   157
    Use: Scroll            |     5 |       ||     5
 Armour: Robe              |    10 |       ||    10
  Dodge: Dodged            |    34 |    15 ||    49

Table legend: (Time is in decaauts)
 A = Elapsed time spent in this place.
 B = Non-inter-level travel time spent in this place.
 C = Inter-level travel time spent in this place.
 D = Time resting spent in this place.
 E = Time spent auto-exploring this place.
 F = Levels seen in this place.
 G = Mean time per level.
                   A        B        C        D        E       F      G
               +--------+--------+--------+--------+--------+-----+--------+
         Total |   3801 |   3683 |    118 |      0 |   3258 |   4 |  950.2 |
       Dungeon |   3801 |   3683 |    118 |      0 |   3258 |   4 |  950.2 |
               +--------+--------+--------+--------+--------+-----+--------+

Top non-repeatable levels by time:
     D:3: 1186 daAuts
     D:2: 900 daAuts
     D:1: 871 daAuts
     D:4: 843 daAuts
